 Dungeon Crawl Stone Soup version 0.26-a0-259-g1effd001a9 (webtiles) character file.

Game seed: 13861281490783795478

1393 Apogee the Basher (level 8, -9/52 HPs)
             Began as a Gargoyle Gladiator on July 11, 2020.
             Mangled by an orc warrior
             ... wielding a +0 dire flail
              (18 damage)
             ... on level 7 of the Dungeon.
             The game lasted 00:08:52 (4853 turns).

Apogee the Basher (Gargoyle Gladiator)              Turns: 4853, Time: 00:08:53

Health: -9/52      AC: 15    Str: 20    XL:     8   Next: 68%
Magic:  8/8        EV: 11    Int:  9    God:
Gold:   569        SH:  0    Dex: 11    Spells: 7/7 levels left

rFire    + . .     SeeInvis .   a - +2 whip (freeze)
rCold    . . .     Faith    .   (no shield)
rNeg     + + .     Spirit   .   D - +1 ring mail {rF+}
rPois    ∞         Reflect  .   v - +1 helmet
rElec    +         Harm     .   q - +0 cloak
rCorr    .                      k - +0 pair of gloves
MR       .....                  (no boots)
Stlth    +.........             l - amulet of regeneration
HPRegen  0.57/turn              j - ring of positive energy
MPRegen  0.11/turn              (no ring)

@: no status effects
A: negative energy resistance 1, electricity resistance, unbreathing,
petrification resistance, rot immunity, AC +5
a: no special abilities


You were on level 7 of the Dungeon.
You were not hungry.

You visited 1 branch of the dungeon, and saw 7 of its levels.
You also visited: Ossuary.

You collected 569 gold pieces.

Inventory:

Hand Weapons
 a - a +2 whip of freezing (weapon)
 b - a +0 hunting sling
 r - a cursed -3 dagger
 t - the +6 hand axe of the Hero {venom, Dex+4}
   (You found it on level 4 of the Dungeon)

   It poisons the flesh of those it strikes.
   It affects your dexterity (+4).
Missiles
 d - 4 throwing nets {=f, !d}
 o - 244 stones (quivered)
 y - 4 curare-tipped darts
Armour
 k - a +0 pair of gloves (worn)
 q - a +0 cloak (worn)
 v - a +1 helmet (worn)
 w - a +0 ring mail
 D - a +1 ring mail of fire resistance (worn)
Jewellery
 j - a ring of positive energy (left hand)
 l - an amulet of regeneration (around neck)
 x - an uncursed amulet of magic regeneration
Wands
 h - a wand of flame (24)
 z - a wand of disintegration (11)
Scrolls
 c - a scroll of enchant weapon {unknown}
 g - 9 scrolls of identify
 p - 4 scrolls of remove curse {unknown}
 s - a scroll of blinking {unknown}
 A - a scroll of amnesia {unknown}
 B - a scroll of teleportation
Potions
 e - 2 potions of stabbing {unknown}
 i - a potion of lignification {unknown}
 m - a potion of mutation {unknown}
 n - a potion of degeneration {unknown}
 u - a potion of cancellation {unknown}
 C - a potion of curing
Comestibles
 f - 22 rations


   Skills:
 + Level 6.8 Fighting
 * Level 9.1 Maces & Flails
 - Level 1.7 Throwing
 - Level 2.4 Dodging


You had 7 spell levels left.
You didn't know any spells.
Your spell library contained the following spells:

 Spells                   Type           Power        Failure   Level
 Summon Small Mammal      Summ           #...         56%         1
 Call Imp                 Summ           #.......     71%         2
 Call Canine Familiar     Summ           #.......     91%         3
 Summon Guardian Golem    Hex/Summ       #.......     91%         3
 Summon Ice Beast         Ice/Summ       #.......     100%        4
 Summon Lightning Spire   Summ/Air       #.......     100%        4


Dungeon Overview and Level Annotations

Branches:
Dungeon (7/15)             Temple (0/1) D:4         Ossuary (visited)

Altars:
Cheibriados
Elyvilon
Gozag
Nemelex Xobeh
Ru
Uskayaw
Xom
Yredelemnul
Zin

Shops:
D:7 [

Annotations:
D:4 3 runed translucent doors, dobroeutro's ghost, novice GrFi
D:6 Sigmund


Innate Abilities, Weirdness & Mutations

You are resistant to torment.
Your stone body is resilient. (AC +5)
You are immune to poison.
You resist negative energy. (rN+)
You are resistant to electric shocks. (rElec)
You can survive without breathing.
You are immune to petrification.
You are immune to rotting.


Message History

The orc warrior hits you with a +0 dire flail!!
* * * LOW HITPOINT WARNING * * *
Okay, then.
You feel better.
You are too injured to fight recklessly!
You hit the orc warrior but do no damage.
The orc warrior is heavily wounded.
The orc warrior barely misses you.
You hit the orc warrior but do no damage.
The orc warrior is heavily wounded.
You hit the orc warrior but do no damage.
The orc warrior is heavily wounded.
The orc warrior hits you with a +0 dire flail.
* * * LOW HITPOINT WARNING * * *
You hit the orc warrior but do no damage.
The orc warrior is heavily wounded.
Something hits you.
* * * LOW HITPOINT WARNING * * *
The orc warrior hits you with a +0 dire flail!!
You die...

#.#.#.###.# .....
#.##)#....##)# ....
#.##.#.<..##.## (..
#.##.#.#......# ..#
#.##.#.#......# ..
#.##.#........# #.
#.##...........#
#.##.####....######
#.@oo............
##...#####.....##
#...# #.....# #...#
≈≈≈≈...# #####...##≈#
#≈...# #..........+
≈...#
.##.####..##≈###≈...#
.......).>..≈≈≈≈
.##.##...#######


You could see an orc warrior and an orc.

Vanquished Creatures
  Grinder (D:4)
  An ogre (D:7)
  A centaur (D:6)
  3 elf zombies (Ossuary)
  4 bullfrogs
  A centaur zombie (Ossuary)
  Crazy Yiuf (D:3)
  A bullfrog skeleton (D:5)
  Jessica (D:2)
  An iguana (D:4)
  2 worker ants
  Natasha (thrice) (D:4)
  3 big kobold zombies (Ossuary)
  Robin (D:4)
  2 mummies (Ossuary)
  4 gnolls
  7 adders
  2 shadow imps (D:5)
  An ufetubus (D:5)
  2 oozes
  An adder skeleton (D:5)
  An adder zombie (D:5)
  3 worms
  4 dart slugs
  2 leopard geckos
  5 orcs
  5 ball pythons
  3 giant cockroaches
  14 goblins
  12 hobgoblins
  3 jackals (D:2)
  10 bats
  5 frilled lizards
  3 goblin zombies (Ossuary)
  4 hobgoblin zombies (Ossuary)
  9 kobolds
  A leopard gecko zombie (D:5)
  A quokka skeleton (D:5)
  7 rats
135 creatures vanquished.

Notes
Turn   | Place    | Note
-------+----------+-------------------------------------------
     0 | D:1      | Apogee the Gargoyle Gladiator began the quest for the Orb.
     0 | D:1      | Reached XP level 1. HP: 12/12 MP: 1/1
   252 | D:1      | Reached XP level 2. HP: 18/18 MP: 2/2
   860 | D:1      | Reached XP level 3. HP: 22/22 MP: 3/3
  1030 | D:2      | Reached skill level 4 in Maces & Flails
  1067 | D:2      | Found a glowing silver altar of Zin.
  1299 | D:2      | Reached XP level 4. HP: 28/28 MP: 4/4
  1372 | D:2      | Noticed Jessica
  1377 | D:2      | Killed Jessica
  1742 | D:3      | Reached XP level 5. HP: 31/32 MP: 5/5
  1892 | D:2      | Reached skill level 5 in Maces & Flails
  2266 | D:3      | Found a runed translucent door.
  2267 | D:3      | Noticed Crazy Yiuf
  2637 | D:3      | Killed Crazy Yiuf
  2637 | D:3      | Reached XP level 6. HP: 17/38 MP: 0/6
  2723 | D:4      | Found a runed translucent gate.
  2723 | D:4      | Found a runed translucent gate.
  2723 | D:4      | Found a runed translucent gate.
  2723 | D:4      | Identified the +4 dagger of Ufirha {venom, Str+3}
  2723 | D:4      | Noticed dobroeutro's ghost (novice GrFi)
  2739 | D:4      | Noticed Robin
  2765 | D:4      | Killed Robin
  2803 | D:4      | Found a sacrificial altar of Ru.
  2806 | D:4      | Found a white marble altar of Elyvilon.
  2806 | D:4      | Found a basalt altar of Yredelemnul.
  2879 | D:4      | Found a hide-covered altar of Uskayaw.
  2911 | D:4      | Got a jewelled hand axe
  2942 | D:4      | Found a staircase to the Ecumenical Temple.
  2971 | D:4      | Noticed Grinder
  2971 | D:4      | Paralysed by Grinder for 6 turns
  2979 | D:4      | Noticed Natasha
  2990 | D:4      | Paralysed by Grinder for 7 turns
  3012 | D:4      | Killed Natasha
  3019 | D:4      | Paralysed by Grinder for 4 turns
  3029 | D:4      | Killed Grinder
  3029 | D:4      | Reached skill level 6 in Maces & Flails
  3029 | D:4      | Reached XP level 7. HP: 35/44 MP: 7/7
  3097 | D:4      | Reached skill level 5 in Fighting
  3146 | D:4      | Noticed Natasha
  3168 | D:4      | Killed Natasha
  3255 | D:1      | Identified the +6 hand axe of the Hero {venom, Dex+4} (You
                  | found it on level 4 of the Dungeon)
  3563 | D:4      | Noticed Natasha
  3565 | D:4      | Found an opulent altar of Gozag.
  3567 | D:4      | Killed Natasha
  3580 | D:4      | Found a shimmering altar of Xom.
  3580 | D:4      | Found a sparkling altar of Nemelex Xobeh.
  3594 | D:4      | Found a snail-covered altar of Cheibriados.
  3794 | D:5      | Entered Level 5 of the Dungeon
  3889 | D:5      | Reached skill level 7 in Maces & Flails
  4323 | D:6      | Reached XP level 8. HP: 50/51 MP: 8/8
  4328 | D:6      | Reached skill level 8 in Maces & Flails
  4333 | D:6      | Noticed Sigmund
  4455 | D:7      | Found Malookk's Antique Armour Emporium.
  4573 | D:7      | Found a sand-covered staircase.
  4582 | Ossuary  | Entered an ossuary
  4766 | Ossuary  | Reached skill level 9 in Maces & Flails
  4853 | D:7      | Mangled by an orc warrior

Illustrated notes

Levels and vault maps discovered:
D:1:      dpeg_arrival_shrine, layout_basic, hex_intersection,
          grunt_decor_arrowhead, minmay_pentomino_v4
D:2:      layout_basic, nicolae_overflow_crystal_walls, uniq_jessica
D:3:      layout_basic, minivault_23, minmay_shallow_snake_nest,
          uniq_crazy_yiuf_cottage
D:4:      layout_loops_cross, grunt_temple_overflow_open,
          eat_drink_and_be_merry_uskayaw,
          chequers_temple_overflow_statue_of_worship, minmay_temple_entry_hall,
          gammafunk_ghost_nasty_kobolds, first_ration, uniq_grinder, uniq_robin,
          uniq_natasha
D:5:      layout_cave_pools
D:6:      layout_cave_pools, basic_altar, uniq_sigmund, uniq_eustachio
D:7:      layout_basic, kennysheep_mini_moat, enter_ossuary_3, serial_shops,
          shop

Skill      XL: |  1  2  3  4  5  6  7  8 |
---------------+-------------------------+-----
Fighting       | 3 4 5 6 |  6.8
Maces & Flails | 4 5 6 7 9 |  9.1
Throwing       | |  1.7
Dodging        | |  2.4

Action                   |  1- 3 |  4- 6 |  7- 9 || total
-------------------------+-------+-------+-------++-------
Melee: Flail             |   107 |    51 |       ||   158
       Whip              |       |   147 |   291 ||   438
  Use: Scroll            |     3 |     1 |     1 ||     5
       Potion            |     2 |     2 |     1 ||     5
  Eat: Ration            |     1 |     1 |     2 ||     4
Armor: Leather armour    |    77 |   103 |     3 ||   183
       Ring mail         |       |       |   150 ||   150
Dodge: Dodged            |   133 |   143 |   162 ||   438

Table legend:
 A = Non-vault XP
 B = Vault XP
 C = Vault XP percentage of total XP
 D = Non-vault monster count
 E = Vault monster count
 F = Vault count percentage of total count
                 A         B        C        D         E       F
            +---------+---------+-------+---------+---------+-------
      Total |    1114 |     876 |  44.0 |      95 |      40 |  29.6
            +---------+---------+-------+---------+---------+-------
        D:1 |      29 |       5 |  14.7 |      18 |       4 |  18.2
        D:2 |      97 |      37 |  27.6 |      28 |       1 |   3.4
        D:3 |     102 |      58 |  36.2 |      20 |       6 |  23.1
        D:4 |     162 |     323 |  66.6 |       7 |      13 |  65.0
        D:5 |     211 |       0 |   0.0 |      13 |       0 |   0.0
        D:6 |     290 |       0 |   0.0 |       3 |       0 |   0.0
        D:7 |     223 |       0 |   0.0 |       6 |       0 |   0.0
    Ossuary |       0 |     453 | 100.0 |       0 |      16 | 100.0
            +---------+---------+-------+---------+---------+-------
